 Dungeon Crawl Stone Soup version 0.21.1-1-g345015f (webtiles) character file.

66 Monsterracer the Insei (level 4, -14/31 HPs)
             Began as an Octopode Monk on Mar 25, 2018.
             Killed from afar by lorenzova's ghost (27 damage)
             ... with an orb of energy
             ... on level 3 of the Dungeon.
             The game lasted 00:02:41 (1769 turns).

Monsterracer the Insei (Octopode Monk)              Turns: 1769, Time: 00:02:42

Health: -14/31     AC:  1    Str: 10    XL:     4   Next: 15%
Magic:  4/4        EV: 14    Int: 13    God:
Gold:   129        SH:  0    Dex: 14    Spells: 3/3 levels left

rFire    . . .     SeeInvis +     - Unarmed
rCold    . . .     Gourm    .   (no shield)
rNeg     . . .     Faith    .   (helmet restricted)
rPois    .         Spirit   .   (no amulet)
rElec    .         Reflect  .   n - ring of see invisible
rCorr    .         Harm     .   (no ring)
MR       .....                  (no ring)
Stlth    +++.......             (no ring)
HPRegen  0.10/turn              (no ring)
MPRegen  0.09/turn              (no ring)
                                (no ring)
                                (no ring)

@: no status effects
A: almost no armour, stealthy swim, amphibious, 8 rings, constrict 8, camouflage
1, gelatinous body 1
a: no special abilities


You were on level 3 of the Dungeon.
You were hungry.

You visited 1 branch of the dungeon, and saw 3 of its levels.

You collected 129 gold pieces.

Inventory:

Jewellery
 b - an uncursed ring of ice
 n - a ring of see invisible (left tentacle)
Scrolls
 a - 2 scrolls of immolation {unknown}
 d - 3 scrolls of identify {unknown}
 f - 2 scrolls of remove curse {unknown}
 g - a scroll of fog {unknown}
 h - a scroll of random uselessness {unknown}
 l - a scroll of magic mapping {unknown}
 m - a scroll of teleportation {unknown}
 p - a scroll of amnesia {unknown}
Potions
 e - a potion of mutation {unknown}
 i - a potion of flight {unknown}
 j - a potion of lignification {unknown}
 o - a potion of curing
Comestibles
 c - a ration


   Skills:
 - Level 3.0 Fighting
 - Level 3.0 Dodging
 - Level 2.6 Stealth
 + Level 4.9 Unarmed Combat


You had 3 spell levels left.
You didn't know any spells.

Dungeon Overview and Level Annotations

Branches:
Dungeon (3/15)

Altars:

Annotations:
D:3 lorenzova's ghost, amateur DECj


Innate Abilities, Weirdness & Mutations

You cannot wear most types of armour.
You are very stealthy in the water. (Stealth+)
You are amphibious.
You can wear up to eight rings at the same time.
You can use your tentacles to constrict eight enemies at once.
Your skin changes colour to match your surroundings (Stealth+).
Your rubbery body absorbs attacks. (AC +1, EV +1)


Message History

a scroll labeled MILAPN NEORAH; a club; a ring mail a scroll labeled OHUPNU LATSO; a kobold corpse You take 1 damage, and have 10/31 hp.
You tentacle-slap the orc but do no damage.
You grab the orc.
You constrict the orc, but do no damage.
The orc closely misses you. The giant cockroach misses you.
You tentacle-slap the orc.
You kill the orc!
The giant cockroach barely misses you.
You closely miss the giant cockroach. You grab the giant cockroach.
You squeeze the giant cockroach, but do no damage.
You constrict the giant cockroach. The giant cockroach misses you.
The giant cockroach closely misses you.
You tentacle-slap the giant cockroach.
You kill the giant cockroach!
You see here a giant cockroach corpse.
You butcher the giant cockroach corpse.
k - a chunk of flesh Eating a chunk of flesh.
You eat the chunk of flesh.
This raw flesh tastes terrible.
Key pressed, stopping explore.
An adder comes into view.
You regained 14 hp, and now have 25/31 hp.
An adder is nearby!
An adder is nearby!
Unknown command.
Items here: ) ?? [ † a scroll labeled MILAPN NEORAH; a club; a ring mail a scroll labeled OHUPNU LATSO; a kobold corpse
Things that are here:
a trident; a leather armour You start resting.
You are feeling hungry.
You regained 3 hp, and now have 28/31 hp.
a - 2 scrolls labeled MILAPN NEORAH (gained 1)
d - 3 scrolls labeled OHUPNU LATSO (gained 1)
Things that are here:
a club; a ring mail; a kobold corpse
Okay, then.
HP restored.
Things that are here:
a trident; a leather armour
Things that are here:
a club; a ring mail
Things that are here:
a dagger; an orc skeleton You now have 129 gold pieces (gained 14).
Lorenzova's ghost is too close now for your liking.
Health restored: 31 Lorenzova's ghost is nearby!
Lorenzova's ghost is nearby!
You see here 13 stones.
Lorenzova's ghost is nearby!
Lorenzova's ghost turns its malevolent gaze towards you.
Lorenzova's ghost hits you.
You take 2 damage, and have 29/31 hp.
You closely miss lorenzova's ghost. Lorenzova's ghost closely misses you.
You completely miss lorenzova's ghost. Lorenzova's ghost closely misses you.
You barely miss lorenzova's ghost. You tentacle-slap lorenzova's ghost.
Lorenzova's ghost is moderately damaged.
Lorenzova's ghost hits you.
You take 3 damage, and have 26/31 hp.
You tentacle-slap lorenzova's ghost.
Lorenzova's ghost is moderately damaged.
Lorenzova's ghost barely misses you.
You barely miss lorenzova's ghost.
Lorenzova's ghost is moderately damaged.
Lorenzova's ghost misses you.
You tentacle-slap lorenzova's ghost. You squeeze lorenzova's ghost.
Lorenzova's ghost is moderately damaged.
Lorenzova's ghost misses you.
You barely miss lorenzova's ghost.
Lorenzova's ghost is moderately damaged.
Lorenzova's ghost hits you.
You take 2 damage, and have 24/31 hp.
You tentacle-slap lorenzova's ghost. Your squeeze misses lorenzova's ghost.
Lorenzova's ghost is heavily damaged.
Lorenzova's ghost points at you and mumbles some strange words.
The magic dart hits you!
* * * LOW HITPOINT WARNING * * *
You take 9 damage, and have 15/31 hp.
MASSIVE DAMAGE!!
You barely miss lorenzova's ghost. You squeeze lorenzova's ghost!
Lorenzova's ghost is severely damaged.
You closely miss lorenzova's ghost.
Lorenzova's ghost is severely damaged.
Lorenzova's ghost hits you.
* * * LOW HITPOINT WARNING * * *
You take 1 damage, and have 14/31 hp.
You barely miss lorenzova's ghost. You squeeze lorenzova's ghost.
Lorenzova's ghost is almost destroyed.
Lorenzova's ghost casts a spell at you. The magic dart hits you!
* * * LOW HITPOINT WARNING * * *
You take 10 damage, and have 4/31 hp.
MASSIVE DAMAGE!!
It was a potion of curing.
You feel better.
Lorenzova's ghost gestures at you while chanting.
The orb of energy hits you!
Ouch! That really hurt!
You die...

# #.######.###.####.## #
#................... #
#...##.#.###.####.#. # #...##.#.#
#.# ## #...##.#.# #.# .#
#...##.#.###.####.# .#
#.................#
.######...##.#...#.####.##
......#...##.#.W@........#
..........##.............#
.#.##.#...####...........# .....
.#.##.#...# #...........# #....
.#.##.#...####...........##.#....
.#.##..................#.##.#....
.#.##....######.#......#.##.#....
.........######(######## ##.#....
.....[.............. .. #.#....


You could see lorenzova's ghost.

Vanquished Creatures
  3 worms
  A dart slug (D:1)
  5 orcs (D:3)
  5 bats
  6 giant cockroaches
  6 goblins
  8 hobgoblins
  A quokka (D:1)
  2 frilled lizards (D:1)
  5 kobolds
  4 rats
46 creatures vanquished.

Notes
Turn   | Place    | Note
-------+----------+-------------------------------------------
     0 | D:1      | Monsterracer the Octopode Monk began the quest for the Orb.
     0 | D:1      | Reached XP level 1. HP: 16/16 MP: 1/1
   126 | D:1      | Reached XP level 2. HP: 20/21 MP: 2/2
   351 | D:1      | Reached skill level 4 in Unarmed Combat
   458 | D:1      | Reached XP level 3. HP: 24/26 MP: 3/3
   837 | D:2      | Noticed a phantom
   858 | D:1      | HP: 11/26 [quokka (5)]
  1455 | D:3      | Noticed lorenzova's ghost (amateur DECj)
  1514 | D:3      | Reached XP level 4. HP: 27/31 MP: 4/4
  1521 | D:3      | HP: 15/31 [orc/club (5)]
  1526 | D:3      | HP: 10/31 [giant cockroach (1)]
  1765 | D:3      | HP: 15/31 [lorenzova's ghost/magic dart (9)]
  1768 | D:3      | HP: 4/31 [lorenzova's ghost/magic dart (10)]
  1769 | D:3      | Killed from afar by lorenzova's ghost

Skill      XL: |  1  2 |
---------------+-------+-----
Unarmed Combat | 4 |  4.9
Fighting       | |  3.0
Dodging        | |  3.0
Stealth        | |  2.6

Action                   |  1- 3 |  4- 6 || total
-------------------------+-------+-------++-------
Melee: Unarmed           |    86 |    22 ||   108
       Constrict         |    26 |     4 ||    30
       Tentacles         |    12 |     6 ||    18
       Punch             |     1 |     1 ||     2
  Use: Potion            |       |     1 ||     1
 Stab: Sleeping          |    11 |       ||    11
       Distracted        |     1 |       ||     1
  Eat: Chunk             |     1 |     1 ||     2
Armor: Skin              |     1 |       ||     1
Dodge: Dodged            |    44 |    13 ||    57

Vault maps used:
D:1:      lightli_iron_boxes
D:3:      zin_treasury, nemelex_xobeh_ov_fountains_minmay,
          nemelex_spade_bored_becter
